 Dungeon Crawl Stone Soup version 0.24.0-1-gfbc8707122 (webtiles) character file.

Game seed: 12486245389458620616, levelgen mode: deterministic

455 theswoord the Slasher (level 6, -12/47 HPs)
             Began as a Demonspawn Fighter on Oct 28, 2019.
             Mangled by a two-headed ogre
             ... wielding a +0 giant spiked club
              (33 damage)
             ... on level 8 of the Dungeon.
             The game lasted 00:06:27 (3960 turns).

theswoord the Slasher (Demonspawn Fighter)          Turns: 3960, Time: 00:06:27

Health: -12/47     AC: 10    Str: 19    XL:     6   Next: 76%
Magic:  6/6        EV:  9    Int:  9    God:
Gold:   207        SH:  0    Dex: 14    Spells: 5/5 levels left

rFire    . . .     SeeInvis .   a - +0 long sword
rCold    . . .     Gourm    .   (no shield)
rNeg     . . .     Faith    .   b - +0 scale mail
rPois    .         Spirit   .   d - +0 helmet
rElec    .         Reflect  .   (no cloak)
rCorr    .         Harm     .   h - +1 pair of gloves
MR       .....                  (no boots)
Stlth    ..........             (no amulet)
HPRegen  0.15/turn              (no ring)
MPRegen  0.10/turn              (no ring)

@: no status effects
A: hooves 1, demonic guardian 1, shaggy fur 1, spiny 2, strong 1
a: no special abilities


You were on level 8 of the Dungeon.
You were hungry.

You visited 1 branch of the dungeon, and saw 6 of its levels.

You collected 207 gold pieces.

Inventory:

Hand Weapons
 a - a +0 long sword (weapon)
Armour
 b - a +0 scale mail (worn)
 c - a +0 shield
 d - a +0 helmet (worn)
 h - a +1 pair of gloves (worn)
Jewellery
 g - a cursed ring of teleportation {unknown}
Wands
 l - a wand of digging (7)
Scrolls
 k - a scroll of magic mapping
 p - a scroll of identify
Potions
 e - a potion of flight
Comestibles
 f - 11 rations


   Skills:
 - Level 3.0 Fighting
 + Level 6.7 Long Blades
 - Level 2.6 Armour
 - Level 2.6 Shields


You had 5 spell levels left.
You didn't know any spells.
Your spell library contained the following spells:

 Spells                   Type           Power        Failure   Level  Hunger
 Animate Skeleton         Necr           N/A          77%         1    ##.....
 Pain                     Necr           #...         77%         1    ##.....
 Regeneration             Chrm/Necr      #.........   98%         3    ####...
 Vampiric Draining        Necr           #.........   98%         3    ####...
 Animate Dead             Necr           N/A          100%        4    #####..


Dungeon Overview and Level Annotations

Branches:
Dungeon (5/15)
 Temple: D:4-7

Altars:
Ru

Shops:
D:8 [


Innate Abilities, Weirdness & Mutations

You have large cloven feet.
A weak demonic guardian rushes to your aid.
You are mostly covered in sharp spines.
You are covered in fur. (AC +1)
Your muscles are strong. (Str +2)


Message History

Your ufetubus closely misses the two-headed ogre.
Your ufetubus hits the two-headed ogre.
Found a +0 robe.
Found Fyfapsun's Antique Armour Emporium.
Found a quarterstaff.
There is an open door here.
You close the door.
You start resting.
A two-headed ogre opens the door.
It is wielding two +0 giant spiked clubs.
There is an entrance to Fyfapsun's Antique Armour Emporium here.
Okay, then.
Really quaff the potion of mutation?
You feel extremely strange. Fur sprouts all over your body.
You feel stronger.
You slash the two-headed ogre! Your kick misses the two-headed ogre.
The two-headed ogre is moderately wounded.
The two-headed ogre is struck by your spines.
The two-headed ogre hits you with a +0 giant spiked club!!
Ouch! That really hurt!
You die...

##########
#..O.....# #
#)######.#####
#######...# #.##...
#≈§≈§≈#...####.#.###
#≈⌠.⌠5#.........#..≈
#≈)@O.'....###.#..≈.
#≈⌠.§≈#....##.#...≈.
#≈≈≈≈§#........#..≈.
#######....####.#..≈
#.......# ##.###
#.......# ##..
..[......# ###
###....... #.......#


You could see a two-headed ogre and a friendly white imp.

Vanquished Creatures
  A phantom (D:5)
  A hound (D:5)
  A bullfrog skeleton (D:4)
  3 worker ants (D:4)
  A hound skeleton (D:4)
  Robin (D:2)
  2 gnolls (D:4)
  4 adders
  2 worms (D:2)
  2 dart slugs (D:1)
  3 leopard geckos
  5 orcs
  2 giant cockroaches
  15 goblins
  8 hobgoblins
  5 kobolds
  4 quokkas
  3 ball pythons
  6 bats
  4 frilled lizards
  3 rats
76 creatures vanquished.

Vanquished Creatures (collateral kills)
  A scorpion (D:4)
  A bullfrog skeleton (D:4)
  Jessica (D:3)
  A gnoll (D:4)
  A hobgoblin (D:2)
  A kobold (D:3)
6 creatures vanquished.

Vanquished Creatures (others)
  An orc (D:8)
1 creature vanquished.

Grand Total: 83 creatures vanquished

Notes
Turn   | Place    | Note
-------+----------+-------------------------------------------
     0 | D:1      | theswoord the Demonspawn Fighter began the quest for the
                  | Orb.
     0 | D:1      | Reached XP level 1. HP: 18/18 MP: 1/1
    35 | D:1      | Reached skill level 2 in Long Blades
   341 | D:1      | Gained mutation: You have large cloven feet. [demonic
                  | ancestry]
   341 | D:1      | Reached XP level 2. HP: 23/24 MP: 2/2
   770 | D:2      | Noticed Robin
   772 | D:2      | Reached skill level 3 in Long Blades
  1040 | D:1      | Gained mutation: A weak demonic guardian rushes to your
                  | aid. [demonic ancestry]
  1040 | D:1      | Reached XP level 3. HP: 23/29 MP: 3/3
  1107 | D:2      | Killed Robin
  1580 | D:2      | Reached XP level 4. HP: 35/35 MP: 4/4
  1642 | D:2      | Reached skill level 4 in Long Blades
  2240 | D:3      | Noticed Jessica
  2251 | D:3      | Killed Jessica
  2775 | D:4      | Gained mutation: You are partially covered in sharp spines.
                  | [demonic ancestry]
  2775 | D:4      | Reached XP level 5. HP: 17/41 MP: 5/5
  2964 | D:4      | Reached skill level 5 in Long Blades
  3402 | D:4      | Gained mutation: You are mostly covered in sharp spines.
                  | [demonic ancestry]
  3402 | D:4      | Reached XP level 6. HP: 34/47 MP: 6/6
  3471 | D:4      | Reached skill level 6 in Long Blades
  3658 | D:5      | Entered Level 5 of the Dungeon
  3741 | D:5      | You fall into a shaft and drop 3 floors!
  3741 | D:8      | Noticed an orc warrior
  3831 | D:8      | Noticed a two-headed ogre
  3850 | D:8      | Found a sacrificial altar of Ru.
  3944 | D:8      | Found Fyfapsun's Antique Armour Emporium.
  3959 | D:8      | Gained mutation: You are covered in fur. (AC +1) [potion of
                  | mutation]
  3959 | D:8      | Gained mutation: Your muscles are strong. (Str +2) [potion
                  | of mutation]
  3960 | D:8      | Mangled by a two-headed ogre

Skill      XL: |  1  2  3  4  5  6 |
---------------+-------------------+-----
Long Blades    | 2 3 4 5 6 |  6.7
Fighting       | |  3.0
Armour         | |  2.6
Shields        | |  2.6

Action                   |  1- 3 |  4- 6 || total
-------------------------+-------+-------++-------
Melee: Long sword        |    96 |   123 ||   219
       Kick              |    22 |    34 ||    56
  Use: Scroll            |     2 |    10 ||    12
       Potion            |     1 |     2 ||     3
 Stab: Distracted        |       |     1 ||     1
  Eat: Chunk             |     2 |     7 ||     9
Armor: Scale mail        |    53 |    36 ||    89
Dodge: Dodged            |    66 |    70 ||   136
       Rpst.: Long sword |    16 |    17 ||    33

Levels and vault maps discovered:
D:1:      dpeg_arrival_houses_and_road, layout_basic,
          hangedman_abyss_or_decor_stabs
D:2:      layout_basic, uniq_robin
D:3:      layout_basic, minmay_cut_off, uniq_jessica
D:4:      minmay_diamond_boxcup, layout_basic
D:5:      layout_loops_ring, minmay_temple_entry_waves, first_ration,
          nemelex_diamond_rough_becter, uniq_blork_the_orc
D:8:      layout_basic, amethyst_overflow_temple_binary, serial_shops,
          nicolae_shop_crystal, kennysheep_mini, nicolae_shop_statue_plus,
          kennysheep_little_box, small_statue_intersection,
          hangedman_pestilent_swarm, nicolae_ru_awakened_eye, uniq_grum
